 Dungeon Crawl Stone Soup version 0.29.1-15-g9cfb28693d (webtiles) character file.

Game seed: 4147719273228146618

63 Jase the Covered (level 4, -4/34 HPs)
             Began as a Gnoll Wanderer on Apr 1, 2023.
             Was a Believer of Fedhas.
             Slain by Sigmund
             ... wielding a +2 scythe of protection
              (10 damage)
             ... on level 2 of the Dungeon.
             The game lasted 00:09:12 (2065 turns).

Jase the Covered (Gnoll Wanderer)                   Turns: 2065, Time: 00:09:13

Health: -4/34      AC: 11    Str: 13    XL:     4   Next: 10%
Magic:  2/2        EV: 10    Int: 12    God:    Fedhas [**....]
Gold:   76         SH:  0    Dex: 11    Spells: 9/9 levels left

rFire   . . .      SeeInvis .   m - +0 dagger (antimagic)
rCold   . . .      Faith    .   (no shield)
rNeg    . . .      Spirit   .   e - +2 scale mail
rPois   .          Reflect  .   (no helmet)
rElec   .          Harm     .   (no cloak)
rCorr   .          Rampage  .   h - +0 pair of gloves
Will    .....                   (no boots)
Stlth   ..........              (no amulet)
HPRegen 0.11/turn               (no ring)
MPRegen 0.08/turn               (no ring)

@: no status effects
A: fangs 1, strong nose, distributed training
a: Renounce Religion, Wall of Briars


You were on level 2 of the Dungeon.
You worshipped Fedhas.
Fedhas was pleased with you.
You visited 1 branch of the dungeon, and saw 2 of its levels.

You collected 76 gold pieces.

Inventory:

Hand Weapons
 a - a +0 spear
 i - a +0 club
 m - a +0 antimagic dagger (weapon)
Missiles
 n - 12 stones (quivered)
Armour
 e - a +2 scale mail (worn)
 h - a +0 pair of gloves (worn)
Scrolls
 c - 2 scrolls of teleportation
 j - a scroll of butterflies {unknown}
 k - a scroll of amnesia {unknown}
 l - a scroll of identify {unknown}
 o - a scroll of poison {unknown}
Potions
 f - a potion of brilliance {unknown}


   Skills:
 + Level 2.7 Fighting
 + Level 1.1 Short Blades
 + Level 1.1 Long Blades
 + Level 1.1 Axes
 + Level 1.1 Maces & Flails
 + Level 1.1 Polearms
 + Level 1.1 Staves
 + Level 1.1 Ranged Weapons
 + Level 1.1 Throwing
 + Level 6.6 Armour
 + Level 4.6 Dodging
 + Level 1.1 Stealth
 + Level 1.1 Shields
 + Level 4.6 Unarmed Combat
 + Level 3.0 Spellcasting
 + Level 0.8 Conjurations
 + Level 0.8 Hexes
 + Level 0.8 Summonings
 + Level 0.8 Necromancy
 + Level 0.8 Translocations
 + Level 0.8 Transmutations
 + Level 0.8 Fire Magic
 + Level 0.8 Ice Magic
 + Level 0.8 Air Magic
 + Level 0.8 Earth Magic
 + Level 0.8 Poison Magic
 + Level 1.2 Invocations
 + Level 2.7 Evocations


You had 9 spell levels left.
You didn't know any spells.
Your spell library contained the following spells:

 Spells                   Type           Power      Damage    Failure   Level
 Ensorcelled Hibernation  Hex/Ice        6%         N/A       71%         2
 Spider Form              Tmut/Pois      3%         N/A       90%         3
 Anguish                  Hex/Necr       1%         N/A       100%        4


Dungeon Overview and Level Annotations

Branches:
Dungeon (2/15)

Altars:
Fedhas

Annotations:
D:2 Sigmund


Innate Abilities, Weirdness & Mutations

You have very sharp teeth.
Your uncanny sense of smell can sniff out nearby items.
Your experience applies equally to all skills.


Message History

You hit Sigmund but do no damage.
Sigmund is almost dead.
Sigmund barely misses you.
You hit Sigmund but do no damage.
Sigmund is almost dead.
You closely miss Sigmund. Your bite misses Sigmund.
Sigmund is almost dead.
Sigmund points at you and mumbles some strange words.
The puff of flame misses you.
You closely miss Sigmund.
Sigmund is severely wounded.
Sigmund casts a spell at you. The puff of flame misses you.
You hit Sigmund but do no damage.
Sigmund is severely wounded.
Sigmund's magic is no longer disrupted.
Sigmund looks at you with fury. Sigmund barely misses you.
You hit Sigmund but do no damage.
Sigmund is severely wounded.
Sigmund casts a spell at you.
You are confused.
You miss Sigmund.
Sigmund is severely wounded.
Your hearing returns.
Sigmund barely misses you.
You bump into the rock wall.
You closely miss Sigmund.
Sigmund is severely wounded.
Sigmund hits you with a +2 scythe of protection.
* * * LOW HITPOINT WARNING * * *
You bump into the rock wall.
Sigmund mumbles some strange words.
Sigmund flickers and vanishes!
Deactivating autopickup; reactivate with Ctrl-A.
You're too confused to move!
You feel less confused. Something hits you!
You die...
Fedhas appreciates your contribution to the ecosystem.

#.#.# #.# #.#.# #....
#####.# #.#.# #...#
#.#.....# #.#.# #...#
#.#.##### #.#.# ##...#
#.#.# #.#.# ....# #.#.# #
#.#.######### ...
#.#†########
#...........# #{#
###.#.........
#.........#.# #@#
#...##########
#.#.#####.#.# #.#
#.#.#######... #.#.#
#.#.# #.###.........#...
#.#.# #.#.#
#.##...######.#... #.#.#
#.#.# #.##..###..##.#...
#.#.# #.#.#
#..#.###...††..... #.#.#
###.##.#....##...#...#...
#.#.#
#.##.#.##.#..).##....##
#.#.#
#.##.#.##.#..##.##..##


There were no monsters in sight!

Vanquished Creatures
  A gnoll (D:1)
  An adder (D:2)
  A dart slug (D:2)
  3 endoplasms
  A giant cockroach (D:2)
  A goblin (D:1)
  4 hobgoblins
  5 jackals
  5 quokkas
  4 ball pythons (D:1)
  3 bats
  4 frilled lizards
  3 kobolds
  6 rats
42 creatures vanquished.

Vanquished Creatures (others)
  2 plants (D:1)
2 creatures vanquished.

Grand Total: 44 creatures vanquished

Notes
Turn   | Place    | Note
-------+----------+-------------------------------------------
     0 | D:1      | Jase the Gnoll Wanderer began the quest for the Orb.
     0 | D:1      | Jase set off with the following items: a +0 club, a scroll
                  | of silence, a scroll of teleportation, a potion of curing,
                  | a +2 scale mail.
     0 | D:1      | Reached XP level 1. HP: 17/17 MP: 4/4
   334 | D:1      | Found a faded altar of an unknown god.
   349 | D:1      | Reached XP level 2. HP: 23/23 MP: 5/5
   375 | D:1      | Prayed at the altar of an unknown god.
   375 | D:1      | Became a worshipper of Fedhas Madash
   375 | D:1      | Reached * piety under Fedhas
   934 | D:1      | Reached XP level 3. HP: 28/28 MP: 7/7
   949 | D:1      | Reached skill level 1 in Invocations
  1398 | D:2      | Reached ** piety under Fedhas
  1438 | D:2      | Noticed Sigmund
  1546 | D:2      | Reached skill level 1 in Short Blades
  1546 | D:2      | Reached skill level 1 in Long Blades
  1546 | D:2      | Reached skill level 1 in Axes
  1546 | D:2      | Reached skill level 1 in Maces & Flails
  1546 | D:2      | Reached skill level 1 in Polearms
  1546 | D:2      | Reached skill level 1 in Staves
  1546 | D:2      | Reached skill level 1 in Ranged Weapons
  1546 | D:2      | Reached skill level 1 in Throwing
  1546 | D:2      | Reached skill level 1 in Stealth
  1546 | D:2      | Reached skill level 1 in Shields
  1781 | D:2      | Reached XP level 4. HP: 34/34 MP: 8/8
  2043 | D:2      | HP: 1/34 [something (6)]
  2065 | D:2      | Slain by Sigmund

Illustrated notes

Levels and vault maps discovered:
D:1:      kennysheep_arrival_forest, layout_loops_ring,
          dreamdust_ecumenical_altar_grove
D:2:      layout_basic, minmay_cupped, uniq_sigmund

Skill      XL: |  1  2  3  4 |
---------------+-------------+-----
Invocations    | 1 |  1.2
Short Blades   | 1 |  1.1
Long Blades    | 1 |  1.1
Axes           | 1 |  1.1
Maces & Flails | 1 |  1.1
Polearms       | 1 |  1.1
Staves         | 1 |  1.1
Ranged Weapons | 1 |  1.1
Throwing       | 1 |  1.1
Stealth        | 1 |  1.1
Shields        | 1 |  1.1
Spellcasting   | 3 |  3.0
Fighting       | |  2.7
Armour         | |  6.6
Dodging        | |  4.6
Unarmed Combat | |  4.6
Conjurations   | |  0.8
Hexes          | |  0.8
Summonings     | |  0.8
Necromancy     | |  0.8
Translocations | |  0.8
Transmutations | |  0.8
Fire Magic     | |  0.8
Ice Magic      | |  0.8
Air Magic      | |  0.8
Earth Magic    | |  0.8
Poison Magic   | |  0.8
Evocations     | |  2.7

Action                   |  1- 3 |  4- 6 || total
-------------------------+-------+-------++-------
Melee: Club              |    49 |       ||    49
       Bite              |    10 |     4 ||    14
       Spear             |   118 |    18 ||   136
       Punch             |     3 |     3 ||     6
       Dagger            |       |    75 ||    75
  Use: Potion            |     2 |     4 ||     6
       Scroll            |       |     1 ||     1
Armor: Scale mail        |    63 |    20 ||    83
Dodge: Dodged            |    82 |    34 ||   116
